 Dungeon Crawl Stone Soup version 0.29.1-14-g9c671dbff4 (webtiles) character file.

Game seed: 2306695163093662803

308 Thatpatchoflichen the Trooper (level 6, -9/49 HPs)
             Began as a Demonspawn Gladiator on Feb 17, 2023.
             Mangled by an ogre
             ... wielding a +0 giant club
              (23 damage)
             ... on level 4 of the Dungeon.
             The game lasted 00:08:07 (5041 turns).

Thatpatchoflichen the Trooper (DsGl)                Turns: 5041, Time: 00:08:08

Health: -9/49      AC:  9    Str: 16    XL:     6   Next: 17%
Magic:  0/6        EV:  8    Int:  9    God:
Gold:   198        SH:  0    Dex: 15    Spells: 5/5 levels left

rFire   . . .      SeeInvis .   a - +0 war axe
rCold   . . .      Faith    .   (no shield)
rNeg    . . .      Spirit   +   u - +0 chain mail
rPois   .          Reflect  .   c - +0 helmet
rElec   .          Harm     .   (no cloak)
rCorr   .          Rampage  .   (no gloves)
Will    .....                   (no boots)
Stlth   ..........              b - amulet of guardian spirit
HPRegen 0.16/turn               (no ring)
MPRegen 0.10/turn               (no ring)

@: no status effects
A: foul stench 1, demonic magic 1
a: no special abilities


You were on level 4 of the Dungeon.
You visited 1 branch of the dungeon, and saw 5 of its levels.

You collected 198 gold pieces.

Inventory:

Hand Weapons
 a - a +0 war axe (weapon)
Missiles
 d - 3 throwing nets (quivered)
 e - a javelin
 h - 11 poisoned darts
 k - 14 boomerangs
Armour
 c - a +0 helmet (worn)
 u - a +0 chain mail (worn)
Jewellery
 b - an amulet of guardian spirit (around neck)
Scrolls
 f - a scroll of brand weapon {unknown}
 g - 2 scrolls of enchant armour {unknown}
 l - 6 scrolls of identify {unknown}
 m - 2 scrolls of teleportation {unknown}
 o - a scroll of vulnerability {unknown}
 q - a scroll of magic mapping {unknown}
 t - 2 scrolls of noise {unknown}
Potions
 i - a potion of heal wounds {unknown}
 j - a potion of lignification {unknown}
 n - a potion of resistance {unknown}
 p - a potion of attraction {unknown}
 r - a potion of degeneration {unknown}
 s - a potion of haste {unknown}


   Skills:
 + Level 4.3 Fighting
 - Level 4.0 Axes
 - Level 1.7 Throwing
 + Level 1.2 Armour
 - Level 4.0 Dodging


You had 5 spell levels left.
You didn't know any spells.
Your spell library contained the following spells:

 Spells                   Type           Power      Damage    Failure   Level
 Magic Dart               Conj           0%         1d3       100%        1
 Call Imp                 Summ           0%         N/A       100%        2
 Mephitic Cloud           Conj/Pois/Air  0%         N/A       100%        3


Dungeon Overview and Level Annotations

Branches:
Dungeon (5/15)
 Temple: D:4-7

Altars:
Wu Jian

Annotations:
D:4 Grinder


Innate Abilities, Weirdness & Mutations

You may rarely emit foul miasma when damaged in melee.
Spells you cast may paralyse adjacent enemies.


Message History

The hound bites you.
* * * LOW HITPOINT WARNING * * *
You slash the hound!
You kill the hound!
You barely miss the giant cockroach.
The giant cockroach bites you but does no damage.
The giant cockroach bites you but does no damage.
You barely miss the giant cockroach. You punch the giant cockroach.
The giant cockroach is moderately wounded.
The giant cockroach bites you but does no damage.
You hit the giant cockroach.
The giant cockroach is severely wounded.
The giant cockroach closely misses you.
The giant cockroach bites you but does no damage.
You barely miss the giant cockroach.
The giant cockroach is severely wounded.
The giant cockroach barely misses you.
You barely miss the giant cockroach.
The giant cockroach is severely wounded.
The giant cockroach bites you but does no damage. x2
You barely miss the giant cockroach.
The giant cockroach is severely wounded.
The giant cockroach barely misses you.
You barely miss the giant cockroach.
The giant cockroach is severely wounded.
The giant cockroach bites you but does no damage. x2
You closely miss the giant cockroach.
The giant cockroach is severely wounded.
The giant cockroach closely misses you.
You hit the giant cockroach.
You kill the giant cockroach!
You start resting.
An ogre is nearby!
The ogre shouts!
There is a stone staircase leading down here.
Found 5 boomerangs.
You hit the ogre.
The ogre is lightly wounded.
The ogre hits you with a +0 giant club!!
You die...

... #.#...###
##.##.#.#...####
#.....#.###†<..##
#####.......######..#
.............# ##.#
..........>..# ...
.######.###...# ...#
#O# ##..# .### #@#
..# ## #.# .... #..
#.### ...( .. ....#
.. .....# .....#
#######


You could see an ogre.

Vanquished Creatures
  A hound (D:4)
  Terence (D:3)
  3 gnolls (D:3)
  6 adders
  An ufetubus (D:4)
  2 worms (D:2)
  2 dart slugs (D:2)
  4 orcs
  4 endoplasms
  7 giant cockroaches
  31 goblins
  33 hobgoblins
  5 jackals
  10 kobolds
  3 quokkas
  8 ball pythons
  5 bats
  12 frilled lizards
  2 rats
140 creatures vanquished.

Vanquished Creatures (others)
  6 plants (D:1)
6 creatures vanquished.

Grand Total: 146 creatures vanquished

Notes
Turn   | Place    | Note
-------+----------+-------------------------------------------
     0 | D:1      | Thatpatchoflichen the Demonspawn Gladiator began the quest
                  | for the Orb.
     0 | D:1      | Reached XP level 1. HP: 16/16 MP: 1/1
   233 | D:1      | Gained mutation: You may rarely emit foul miasma when
                  | damaged in melee. [demonic ancestry]
   233 | D:1      | Reached XP level 2. HP: 22/22 MP: 2/2
   922 | D:1      | Reached XP level 3. HP: 28/28 MP: 3/3
  1638 | D:2      | Found a faded altar of an unknown god.
  1639 | D:2      | You fall into a shaft and drop 2 floors!
  1700 | D:3      | Reached XP level 4. HP: 34/35 MP: 4/4
  2293 | D:2      | Found an ornate altar of the Wu Jian Council.
  2887 | D:3      | Noticed Terence
  2896 | D:3      | Killed Terence
  2897 | D:3      | Gained mutation: Spells you cast may paralyse adjacent
                  | enemies. [demonic ancestry]
  2897 | D:3      | Reached XP level 5. HP: 19/41 MP: 5/5
  4759 | D:4      | Noticed an ogre
  4799 | D:4      | Noticed Grinder
  4804 | D:4      | Noticed a hornet
  4935 | D:5      | Entered Level 5 of the Dungeon
  4951 | D:5      | Reached XP level 6. HP: 45/48 MP: 4/6
  5014 | D:4      | Reached skill level 1 in Armour
  5041 | D:4      | Mangled by an ogre

Illustrated notes

Levels and vault maps discovered:
D:1:      wander_arrival_chamber, layout_rooms, minmay_lizard_king
D:2:      layout_rooms, basic_altar, hellmonk_ecumenical_altar_leap_of_faith,
          chequers_arboretum, minmay_tetromino_t2
D:3:      minmay_goblin_kobold_castle, layout_loops_ring, st_stairs_6,
          uniq_terence
D:4:      cheibrodos_quashed, layout_rooms, kennysheep_okawaru_gauntlet,
          ebering_ghost_disaster_area, serial_shops, shop, uniq_grinder
D:5:      layout_basic, eat_drink_and_be_merry_uskayaw,
          chequers_serial_rivers_room_a, kennysheep_generic_room_15

Skill      XL: |  1  2  3  4  5  6 |
---------------+-------------------+-----
Dodging        | 3 4 |  4.0
Axes           | 3 4 |  4.0
Fighting       | 3 4 |  4.3
Armour         | 1 |  1.2
Throwing       | |  1.7

Action                   |  1- 3 |  4- 6 || total
-------------------------+-------+-------++-------
Melee: War axe           |   100 |   197 ||   297
       Punch             |       |     2 ||     2
 Stab: Sleeping          |       |     2 ||     2
Armor: Leather armour    |    50 |    56 ||   106
       Chain mail        |       |    53 ||    53
Dodge: Dodged            |    97 |   209 ||   306
